 Dungeon Crawl Stone Soup version 0.25-a0-668-gea548f19b6 (console) character file.

Game seed: 5894658530090892667, levelgen mode: classic

30 Duffy the Shield-Bearer (level 3, 19/19 HPs)
             Began as a Vine Stalker Fighter on Mar 28, 2020.
             Quit the game on level 1 of the Dungeon.
             The game lasted 00:00:37 (818 turns).

Duffy the Shield-Bearer (Vine Stalker Fighter)       Turns: 818, Time: 00:00:38

Health: 19/19      AC:  7    Str: 19    XL:     3   Next: 18%
Magic:  4/4        EV:  7    Int:  8    God:
Gold:   15         SH:  9    Dex: 13    Spells: 2/2 levels left

rFire    . . .     SeeInvis .   a - +0 war axe
rCold    . . .     Gourm    .   c - +0 kite shield
rNeg     . . .     Faith    .   b - +0 scale mail
rPois    .         Spirit   +   (no helmet)
rElec    .         Reflect  .   (no cloak)
rCorr    .         Harm     .   h - +0 pair of gloves
MR       .....                  (no boots)
Stlth    ..........             (no amulet)
HPRegen  0.06/turn              (no ring)
MPRegen  0.09/turn              (no ring)

@: no status effects
A: fangs 2, magic shield, antimagic bite, no potion heal 3, rot immunity
a: no special abilities


You were on level 1 of the Dungeon.
You were not hungry.

You visited 1 branch of the dungeon, and saw 1 of its levels.

You collected 15 gold pieces.

Inventory:

Hand Weapons
 a - a +0 war axe (weapon)
Armour
 b - a +0 scale mail (worn)
 c - a +0 kite shield (worn)
 h - a +0 pair of gloves (worn)
Scrolls
 e - 2 scrolls of blinking {unknown}
 j - a scroll of magic mapping {unknown}
Potions
 d - a potion of might
 i - a potion of magic {unknown}
Comestibles
 f - 2 rations
 g - 5 chunks of flesh


   Skills:
 + Level 2.9 Fighting
 * Level 2.3 Axes
 + Level 2.6 Armour
 + Level 0.5 Dodging
 + Level 2.9 Shields


You had 2 spell levels left.
You didn't know any spells.
Your spell library was empty.

Dungeon Overview and Level Annotations

Branches:
Dungeon (1/15)

Altars:


Innate Abilities, Weirdness & Mutations

You have extremely sharp teeth.
When hurt, damage is shared between your health and your magic reserves.
Your bite disrupts and absorbs the magic of your enemies.
Potions cannot restore your health.
You are immune to rotting.


Message History

Things that are here:
a +0 club; a goblin corpse No target in view!
You butcher the goblin corpse.
g - 5 chunks of flesh (gained 2)
Things that are here:
a +0 club; a goblin skeleton
Things that are here:
a +0 club; a goblin skeleton
There is an open door here.
You see here 3 stones.
You see here a club.
You see here a runed dagger.
There is an open gate here.
You open the door.
There is an open door here.
Done exploring.
Done exploring.
Done exploring.
Are you sure you want to abandon this character and quit the game? (Confirm with "yes".) #............)..7### #.# #7..7.7#'''#77.....777######.# 7.77###...###77..........)..# 777

#.......# 77..........###
####..8.8..####777.......#
###..#.......#..###7.....77#
#....'.8...8.#....#777...77
#....#...}...#....# 77....7
#.<..#.8...8.@..}.# 7..777#
#....#.......#....# 77.7
###################


777 There were no monsters in sight!

Vanquished Creatures
  A dart slug (D:1)
  A ball python (D:1)
  A giant cockroach (D:1)
  5 goblins (D:1)
  2 hobgoblins (D:1)
  7 jackals (D:1)
  A bat (D:1)
  A frilled lizard (D:1)
  4 kobolds (D:1)
  A rat (D:1)
24 creatures vanquished.

Notes
Turn   | Place    | Note
-------+----------+-------------------------------------------
     0 | D:1      | Duffy the Vine Stalker Fighter began the quest for the Orb.
     0 | D:1      | Reached XP level 1. HP: 11/11 MP: 2/2
   146 | D:1      | Reached XP level 2. HP: 16/16 MP: 3/3
   382 | D:1      | Reached XP level 3. HP: 18/19 MP: 4/4
   818 | D:1      | Quit the game

Levels and vault maps discovered:
D:1:      sevenhm_arrival_forest_fort_large_2, layout_basic

Skill      XL: |  1 |
---------------+----+-----
Axes           | 2 |  2.3
Fighting       | |  2.9
Armour         | |  2.6
Dodging        | |  0.5
Shields        | |  2.9

Action                   || total
-------------------------++-------
Melee: War axe           ||    63
       Bite              ||    17
Armor: Scale mail        ||    33
Dodge: Dodged            ||    29
Block: Kite shield       ||    38

Table legend:
 A = Non-vault XP
 B = Vault XP
 C = Vault XP percentage of total XP
 D = Non-vault monster count
 E = Vault monster count
 F = Vault count percentage of total count
                 A         B        C        D         E       F
            +---------+---------+-------+---------+---------+-------
      Total |      43 |       0 |   0.0 |      24 |       0 |   0.0
            +---------+---------+-------+---------+---------+-------
        D:1 |      43 |       0 |   0.0 |      24 |       0 |   0.0
            +---------+---------+-------+---------+---------+-------
